 Dungeon Crawl Stone Soup version 0.18.1-48-g4cf74bf (webtiles) character file.

1288 OTRawrior the Digger (level 8, -5/41 HPs)
             Began as a Gargoyle Earth Elementalist on Aug 14, 2016.
             Was an Initiate of Vehumet.
             Slain by atgrul's ghost (11 damage)
             ... on level 5 of the Dungeon.
             The game lasted 00:15:05 (5103 turns).

OTRawrior the Digger (Gargoyle Earth Elementalist)  Turns: 5103, Time: 00:15:05

Health: -5/41      AC:  9    Str: 11    XL:     8   Next: 55%
Magic:  2/18       EV: 12    Int: 19    God:    Vehumet [......]
Gold:   191        SH:  0    Dex: 10    Spells: 3 memorised, 11 levels left

rFire  . . .     SeeInvis .     b - 54 stones
rCold  . . .     Gourm    .     a - +0 robe
rNeg   + . .     Faith    .     (no shield)
rPois  ∞         Spirit   .     (no helmet)
rElec  +         Dismiss  .     s - +0 cloak
rCorr  .         Reflect  .     o - +0 pair of gloves
SustAt +         Harm     .     (no boots)
MR     .....                    (no amulet)
Stlth  +++.......               y - ring of stealth
                                k - ring of sustain attributes

@: very slightly contaminated, not resistant to hostile enchantments, fairly
stealthy
A: negative energy resistance 1, electricity resistance, unbreathing,
petrification resistance, rot immunity, AC +5
a: Renounce Religion


You were on level 5 of the Dungeon.
You worshipped Vehumet.
Vehumet was noncommittal.
You were hungry.

You visited 2 branches of the dungeon, and saw 6 of its levels.

You collected 191 gold pieces.

Inventory:

Hand Weapons
 f - a +0 mace
 r - a +0 whip
 v - a +0 dagger of venom
Missiles
 b - 54 stones (in hand)
Armour
 a - a +0 robe (worn)
 o - a +0 pair of gloves (worn)
 s - a +0 cloak (worn)
Jewellery
 k - a ring of sustain attributes (left hand)
 w - a +3 ring of dexterity
 y - a ring of stealth (right hand)
Wands
 t - a wand of paralysis (9/24)
 x - a wand of random effects (4/48)
 F - a wand of iceblast (12/15)
Scrolls
 g - a scroll of enchant weapon {unknown}
 h - 2 scrolls of remove curse {unknown}
 i - 5 scrolls of identify {unknown}
 j - a scroll of random uselessness {unknown}
 l - 2 scrolls of fog {unknown}
 m - 4 scrolls of amnesia {unknown}
 q - a scroll of noise {unknown}
 u - a scroll of vulnerability {unknown}
 E - a scroll of blinking {unknown}
Potions
 e - 2 potions of lignification {unknown}
 n - 2 potions of beneficial mutation {unknown}
 z - a potion of brilliance {unknown}
 A - a potion of magic {unknown}
 B - 3 potions of mutation {unknown}
 C - a potion of ambrosia
Books
 c - a book of Geomancy

   Spells                             Type                      Level
   a - Sandblast                      Earth                        1
   b - Passwall                       Transmutation/Earth          2
   c - Stone Arrow                    Conjuration/Earth            3
   d - Petrify                        Transmutation/Earth          4
   e - Lee's Rapid Deconstruction     Earth                        5
Comestibles
 d - 7 bread rations
 p - a royal jelly
 G - a meat ration


   Skills:
 - Level 1.5 Dodging
 - Level 2.1 Stealth
 * Level 6.8 Spellcasting
 + Level 5.0 Conjurations
   Level 0.7 Transmutations
 + Level 7.2 Earth Magic


You had 11 spell levels left.
You knew the following spells:

 Your Spells              Type           Power        Failure   Level  Hunger
a - Sandblast             Erth           ####..       1%          1    None
b - Stone Arrow           Conj/Erth      ####..       2%          3    #......
c - Lee's Rapid Deconstr  Erth           ####......   17%         5    #####..


Dungeon Overview and Level Annotations

Branches:
Dungeon (5/15)             Temple (1/1) D:4

Altars:
Elyvilon
Gozag
Kikubaaqudgha
Nemelex Xobeh
Okawaru
Pakellas
Ru
Sif Muna
Vehumet

Annotations:
D:2 Sigmund
D:5 atgrul's ghost, novice MfSk


Innate Abilities, Weirdness & Mutations

You are resistant to torment.
Your stone body is resilient (AC +5).
You are immune to poison.
You resist negative energy.
You are resistant to electric shocks.
You can survive without breathing.
You are immune to petrification.
You are immune to rotting.


Message History

Evoking this partially-identified wand wasted a few charges.
Atgrul's ghost barely misses you.
Evoke which item? (* to show all) (? for menu, Esc to quit)
Zapping:
x - a wand of random effects {zapped: 4} (will waste charges)
Press: ? - help, Shift-Dir - straight line, f/p - atgrul's ghost
Aim: atgrul's ghost (heavily damaged)
The puff of flame hits atgrul's ghost.
Atgrul's ghost is severely damaged.
Evoking this partially-identified wand wasted a few charges.
Atgrul's ghost hits you!
* * * LOW HITPOINT WARNING * * *
Casting: Sandblast
Confirm with . or Enter, or press ? or * to list all spells.
Aiming: Sandblast
Press: ? - help, Shift-Dir - straight line, f/p - atgrul's ghost
Aim: atgrul's ghost (severely damaged)
The rocky blast hits atgrul's ghost.
Atgrul's ghost is almost destroyed.
Atgrul's ghost hits you!
You die...

##########.#......
#..........#......
#.###########.....
#.# ##'#'# #.#
.##.#.# #.#
...#.#.# #.#
##...###.# #.#
#.....##.# #@#
###.....#### #W#
###....8....##
#.###......# ..w..
#.w......8###8....
#.###.w....#......
#.# ###.....?...#
#.# ###.....###
#.# #.....#
##...##


You could see a worm and atgrul's ghost.

Vanquished Creatures
  Grinder (D:3)
  Menkaure (D:4)
  5 ogres
  A centaur (D:5)
  A jelly (D:5)
  A hound (D:4)
  Crazy Yiuf (D:3)
  An orc priest (D:4)
  2 centaur skeletons
  A giant frog skeleton (D:5)
  An orc wizard (D:4)
  2 worker ants
  A hound skeleton (D:4)
  3 gnolls (D:3)
  6 adders
  An ooze (D:5)
  An adder skeleton (D:4)
  4 worms
  A dart slug (D:2)
  4 giant geckos
  12 orcs
  11 bats
  7 giant cockroaches
  5 hobgoblins
  2 jackals
  3 quokkas
  4 giant newts
  6 goblins
  10 kobolds
  6 rats
105 creatures vanquished.

Notes
Turn   | Place    | Note
--------------------------------------------------------------
     0 | D:1      | OTRawrior the Gargoyle Earth Elementalist began the quest for the Orb.
     0 | D:1      | Reached XP level 1. HP: 10/10 MP: 3/3
   237 | D:1      | Reached XP level 2. HP: 13/15 MP: 3/5
   836 | D:2      | Reached skill level 4 in Earth Magic
   836 | D:2      | Reached XP level 3. HP: 19/19 MP: 4/7
   841 | D:2      | Learned a level 3 spell: Stone Arrow
  1155 | D:2      | Noticed Sigmund
  1979 | D:3      | Reached XP level 4. HP: 23/24 MP: 2/8
  2159 | D:3      | Reached skill level 1 in Conjurations
  2627 | D:3      | Noticed Grinder
  2640 | D:3      | Killed Grinder
  2640 | D:3      | Reached skill level 5 in Earth Magic
  2640 | D:3      | Reached XP level 5. HP: 23/28 MP: 4/11
  2640 | D:3      | Reached XP level 6. HP: 26/32 MP: 4/12
  2737 | D:3      | Learned a level 5 spell: Lee's Rapid Deconstruction
  2761 | D:3      | Noticed Crazy Yiuf
  2768 | D:3      | Killed Crazy Yiuf
  3353 | D:4      | Found a deep blue altar of Sif Muna.
  3482 | D:4      | Reached skill level 5 in Spellcasting
  3495 | D:4      | Noticed Menkaure
  3523 | D:4      | Reached XP level 7. HP: 36/36 MP: 10/14
  3569 | D:4      | Killed Menkaure
  3647 | D:4      | Reached skill level 6 in Earth Magic
  3988 | D:4      | Reached XP level 8. HP: 41/41 MP: 15/17
  4086 | D:4      | Found a staircase to the Ecumenical Temple.
  4092 | Temple   | Entered the Ecumenical Temple
  4258 | D:5      | Entered Level 5 of the Dungeon
  4446 | D:5      | Found a radiant altar of Vehumet.
  4455 | D:5      | Became a worshipper of Vehumet
  4716 | D:5      | Reached skill level 7 in Earth Magic
  4871 | D:5      | Reached skill level 5 in Conjurations
  4948 | D:5      | Noticed atgrul's ghost (novice MfSk)
  5069 | D:5      | Found a white marble altar of Elyvilon.
  5103 | D:5      | Slain by atgrul's ghost

Skill      XL: |  1  2  3  4  5  6  7  8 |
---------------+-------------------------+-----
Earth Magic    | 4 5 6 7 |  7.2
Spellcasting   | 3 4 5 6 |  6.8
Conjurations   | 2 3 4 5 |  5.0
Dodging        | |  1.5
Stealth        | |  2.1
Transmutations | |  0.7

Action                   |  1- 3 |  4- 6 |  7- 9 || total
-------------------------+-------+-------+-------++-------
Melee: Club              |    23 |       |       ||    23
       Whip              |     7 |     5 |       ||    12
       Dagger            |       |    33 |    34 ||    67
       Mace              |       |    16 |       ||    16
Throw: Throwing net      |     1 |       |       ||     1
 Cast: Sandblast         |    68 |    60 |    50 ||   178
       Stone Arrow       |       |     1 |     5 ||     6
       Lee's Rapid Decon |       |       |     1 ||     1
Evoke: Wand              |       |       |     4 ||     4
  Use: Potion            |     4 |       |       ||     4
 Stab: Sleeping          |     1 |     2 |     2 ||     5
  Eat: Chunk             |     3 |     5 |     4 ||    12
       Beef jerky        |       |       |     1 ||     1
Armor: Robe              |    30 |    27 |    28 ||    85
Dodge: Dodged            |    79 |    42 |    49 ||   170
